 Dungeon Crawl Stone Soup version 0.30-a0-1103-g25895a7845 (webtiles) character file.

Game seed: 8033811238273237067

349 IdlyInterested the Trooper (level 6, 0/51 HPs)
             Began as a Demonspawn Fighter on Apr 18, 2023.
             Slain by a hornet (2 damage)
             ... on level 4 of the Dungeon.
             The game lasted 00:11:07 (3295 turns).

IdlyInterested the Trooper (Demonspawn Fighter)     Turns: 3295, Time: 00:11:08

Health: 0/51       AC: 10    Str: 17    XL:     6   Next: 33%
Magic:  0/6        EV: 10    Int: 15    God:
Gold:   8          SH:  0    Dex: 14    Spells: 5/5 levels left

rFire   . . .      SeeInvis .    z - +1 mace (protect)
rCold   . . .      Faith    .    c - +0 buckler
rNeg    . . .      Spirit   +    b - +0 scale mail
rPois   .          Reflect  .    g - +0 helmet
rElec   .          Rampage  .    (no cloak)
rCorr   .                        v - +0 pair of gloves
Will    .....                    (no boots) Stlth
                                 o - amulet of guardian spirit
HPRegen 0.28/turn                s - +6 ring of intelligence
MPRegen 0.10/turn                (no ring)

@: confused, lethally poisoned (0 -> -10), ambrosia-drunk, slowed, very slow
A: demonic guardian 1, sharp scales 1
a: no special abilities


You were on level 4 of the Dungeon.
You visited 1 branch of the dungeon, and saw 4 of its levels.

You collected 206 gold pieces.
You spent 198 gold pieces at shops.

Inventory:

Hand Weapons
 a - a +0 flail
 z - a +1 mace of protection (weapon)
Missiles
 f - 22 stones (quivered)
 r - a boomerang
 A - 4 poisoned darts
Armour
 b - a +0 scale mail (worn)
 c - a +0 buckler (worn)
 g - a +0 helmet (worn)
 v - a +0 pair of gloves (worn)
Jewellery
 o - an amulet of guardian spirit (around neck)
 s - a +6 ring of intelligence (left hand)
Wands
 t - a wand of paralysis (9)
Scrolls
 e - 6 scrolls of teleportation
 i - a scroll of enchant weapon {unknown}
 j - 2 scrolls of vulnerability
 k - a scroll of magic mapping {unknown}
 l - a scroll of poison {unknown}
 m - 2 scrolls of fear
 p - a scroll of blinking {unknown}
 q - a scroll of silence {unknown}
 x - a scroll of immolation {unknown}
 y - 2 scrolls of enchant armour {unknown}
 B - a scroll of butterflies
Potions
 d - a potion of might
 h - 2 potions of cancellation
 n - a potion of resistance {unknown}
 u - 3 potions of curing
 w - a potion of ambrosia
 C - a potion of mutation {unknown}


   Skills:
 + Level 5.2 Fighting
 - Level 1.7 Maces & Flails
 - Level 1.0 Throwing
 - Level 3.1 Armour
 - Level 3.0 Dodging
 - Level 2.0 Stealth
 - Level 2.6 Shields
 * Level 0.3 Evocations


You had 5 spell levels left.
You didn't know any spells.
Your spell library contained the following spells:

 Spells                   Type           Power      Damage    Failure   Level
 Ensorcelled Hibernation  Hex/Ice        0%         N/A       87%         2
 Passwall                 Tmut/Erth      0%         N/A       87%         2
 Swiftness                Air            0%         N/A       98%         3


Dungeon Overview and Level Annotations

Branches:
Dungeon (4/15)
 Temple: D:4-7

Altars:
Okawaru
Trog

Shops:
D:2 ?(   D:3 =


Innate Abilities, Weirdness & Mutations

A weak demonic guardian rushes to your aid.
You are partially covered in razor-sharp scales. (AC +1, Slay +1)


Message History

You feel sick.
The hornet stings you but does no damage.
The hornet closely misses you. The hornet completely misses you.
A dart slug comes into view.
You closely miss the hornet.
The hornet is moderately wounded.
You feel sick.
You are no longer poisoned.
The hornet stings you.
You are poisoned.
You feel yourself slow down. The hornet stings you.
You feel as though you will be slow longer.
Aiming: Paralyse
Press: ? - help, Shift-Dir - straight line, f - hornet
Aim: a hornet (moderately wounded, chance to affect: 40%)
The hornet resists with some effort.
You feel very sick. The hornet stings you!
* * * LOW HITPOINT WARNING * * *
A demonic guardian appears!
You suddenly lose the ability to move!
The hornet stings you.
* * * LOW HITPOINT WARNING * * *
You feel as though you will be slow longer.
You can move again.
You are confused.
You feel invigorated.
You feel sick. The hornet stings you!
* * * LOW HITPOINT WARNING * * *
You feel as though you will be slow longer.
The hornet stings you.
* * * LOW HITPOINT WARNING * * *
You feel as though you will be slow longer.
The hornet stings you.
* * * LOW HITPOINT WARNING * * *
You are more poisoned.
You feel as though you will be slow longer.
You bump into the rock wall.
* * * LOW HITPOINT WARNING * * *
You feel very sick. The hornet closely misses you. The hornet stings you!
You die...

#.###..####..#.## ..#
#.......#..# . # ..
#......##.. .##....
#..#...###. ... ..#
####......# ## #..
#.##.........####
#..##w###...............
.....Jy.#...............
#@................
##5.....##........
#.....###........
##....##.........
#....##........)
##...##.........
#..............
##............. .
#..##.........


You could see a hornet (ally target), a jelly, a dart slug and a friendly iron
imp (summoned).

Vanquished Creatures
  A howler monkey (D:3)
  A hound (D:4)
  An iguana (D:3)
  3 orc wizards
  9 adders
  A white imp (D:4)
  3 worms (D:2)
  3 dart slugs
  5 orcs
  7 ball pythons
  6 endoplasms
  4 giant cockroaches
  3 goblins
  6 hobgoblins
  4 kobolds
  2 quokkas (D:1)
  9 bats
  4 frilled lizards
  6 rats
78 creatures vanquished.

Vanquished Creatures (collateral kills)
  A worm (D:3)
  2 orcs (D:3)
  A rat (D:1)
4 creatures vanquished.

Grand Total: 82 creatures vanquished

Notes
Turn   | Place    | Note
-------+----------+-------------------------------------------
     0 | D:1      | IdlyInterested the Demonspawn Fighter began the quest for
                  | the Orb.
     0 | D:1      | Reached XP level 1. HP: 18/18 MP: 1/1
   141 | D:1      | Gained mutation: A weak demonic guardian rushes to your
                  | aid. [demonic ancestry]
   141 | D:1      | Reached XP level 2. HP: 22/24 MP: 2/2
   457 | D:1      | Reached skill level 1 in Dodging
   458 | D:1      | Found a faded altar of an unknown god.
   888 | D:2      | Found Myeggo's Magic Scroll Emporium.
   959 | D:2      | Reached XP level 3. HP: 27/29 MP: 3/3
  1403 | D:2      | Gained mutation: You are partially covered in razor-sharp
                  | scales. (AC +1, Slay +1) [demonic ancestry]
  1403 | D:2      | Reached XP level 4. HP: 37/37 MP: 4/4
  1523 | D:2      | Found Zoitha Ariz's Weapon Boutique.
  1778 | D:2      | Bought a scroll of vulnerability for 44 gold pieces
  1778 | D:2      | Bought a scroll of fear for 44 gold pieces
  1827 | D:3      | Reached skill level 4 in Fighting
  1850 | D:3      | Reached XP level 5. HP: 9/42 MP: 3/5
  1865 | D:3      | Reached skill level 1 in Stealth
  2075 | D:3      | Found an iron altar of Okawaru.
  2095 | D:3      | Found Pinneg's Jewellery Boutique.
  2611 | D:3      | Found a bloodstained altar of Trog.
  2803 | D:2      | Bought a scroll of butterflies for 44 gold pieces
  2803 | D:2      | Bought a scroll of teleportation for 33 gold pieces
  2803 | D:2      | Bought a scroll of identify for 22 gold pieces
  2803 | D:2      | Bought a scroll of noise for 11 gold pieces
  2910 | D:4      | Reached skill level 1 in Throwing
  2910 | D:4      | Reached XP level 6. HP: 45/50 MP: 6/6
  3083 | D:4      | Reached skill level 5 in Fighting
  3283 | D:4      | Noticed a hornet
  3293 | D:4      | Paralysed by a hornet for 1 turns
  3294 | D:4      | HP: 2/51 [hornet (5)]
  3295 | D:4      | Slain by a hornet

Illustrated notes

Levels and vault maps discovered:
D:1:      ncdulo_smallfort, layout_loops_ring, dreamdust_ecumenical_altar_grove
D:2:      layout_loops_ring, serial_shops, shop, nicolae_shop_statue_plus,
          skrybe_limestone_x, minmay_door_square, serial_bayou_pond_d,
          nicolae_kite_square_tiling_tiny
D:3:      minmay_recursive_quarters, layout_basic, elyvilon_altar_3,
          general_overflow_altar, okawaru_ov_weapons_minmay, serial_shops,
          nicolae_shop_crystal
D:4:      layout_layer_cave, zin_scriptorium, minmay_manual_mandibuliform

Skill      XL: |  1  2  3  4  5  6 |
---------------+-------------------+-----
Armour         | 3 |  3.1
Dodging        | 1 2 3 |  3.0
Fighting       | 4 5 |  5.2
Stealth        | 2 |  2.0
Throwing       | 1 |  1.0
Maces & Flails | |  1.7
Shields        | |  2.6
Evocations     | |  0.3

Action                     |  1- 3 |  4- 6 || total
---------------------------+-------+-------++-------
  Melee: Flail             |   142 |    90 ||   232
         Mace              |       |    59 ||    59
  Throw: Stone             |       |     2 ||     2
  Evoke: Wand              |       |     1 ||     1
    Use: Scroll            |       |     3 ||     3
         Potion            |       |     1 ||     1
 Armour: Scale mail        |    86 |    89 ||   175
  Dodge: Dodged            |    87 |   105 ||   192
  Block: Buckler           |    34 |    24 ||    58

Table legend: (Time is in decaauts)
 A = Elapsed time spent in this place.
 B = Non-inter-level travel time spent in this place.
 C = Inter-level travel time spent in this place.
 D = Time resting spent in this place.
 E = Time spent auto-exploring this place.
 F = Levels seen in this place.
 G = Mean time per level.
                   A        B        C        D        E       F      G
               +--------+--------+--------+--------+--------+-----+--------+
         Total |   3404 |   2954 |    450 |    359 |   1653 |   4 |  851.0 |
       Dungeon |   3404 |   2954 |    450 |    359 |   1653 |   4 |  851.0 |
               +--------+--------+--------+--------+--------+-----+--------+

Top non-repeatable levels by time:
     D:2: 1064 daAuts
     D:3: 1063 daAuts
     D:1: 916 daAuts
     D:4: 361 daAuts
